 Dungeon Crawl Stone Soup version 0.26-a0-652-gafc20e3620 (webtiles) character file.

Game seed: 10237029263560176442

15414 Decritt the Destroyer (level 12, -3/68 HPs)
             Began as a Deep Elf Conjurer on Oct 2, 2020.
             Was an Elder of Vehumet.
             Slain by a thrashing horror (5 damage)
             ... on level 2 of the Abyss.
             The game lasted 02:22:56 (19807 turns).

Decritt the Destroyer (Deep Elf Conjurer)          Turns: 19807, Time: 02:22:56

Health: -3/68      AC:  8    Str:  5 (7)  XL:     12   Next: 1%
Magic:  28/28      EV: 20    Int: 23 (26) God:    Vehumet [****..]
Gold:   875        SH:  0    Dex: 17 (19) Spells: 11/31 levels left

rFire    . . .     SeeInvis .   y - staff of death
rCold    . . .     Faith    +   (no shield)
rNeg     + . .     Spirit   .   l - +2 robe {MR+}
rPois    .         Reflect  .   (no helmet)
rElec    .         Harm     .   u - +0 cloak
rCorr    .         Rampage  .   a - +2 pair of gloves
MR       ++...                  (no boots)
Stlth    +.........             r - amulet of faith
HPRegen  0.21/turn              e - +6 ring of dexterity
MPRegen  0.21/turn              s - ring of wizardry

@: confused
A: no striking features
a: Renounce Religion


You were on level 2 of the Abyss.
You worshipped Vehumet.
Vehumet was greatly pleased with you.
You visited 2 branches of the dungeon, and saw 13 of its levels.
You visited the Abyss 1 time.
You also visited: Sewer.

You collected 875 gold pieces.

Inventory:

Hand Weapons
 q - a +2 quarterstaff of chaos {random}
Missiles
 c - 44 poisoned darts (quivered)
Armour
 a - a +2 pair of gloves (worn)
 l - a +2 robe of magic resistance (worn)
 n - a +2 robe of resistance
 u - a +0 cloak (worn)
Magical Staves
 y - an uncursed staff of death (weapon)
Jewellery
 b - a +4 ring of evasion
 e - a +6 ring of dexterity (left hand)
 r - an amulet of faith (around neck)
 s - a ring of wizardry (right hand)
 z - an uncursed amulet of regeneration {unknown}
 P - an uncursed ring of protection from magic
Wands
 o - a wand of flame (74)
 p - a wand of polymorph (25)
 B - a wand of disintegration (15)
 E - a wand of iceblast (10)
 J - a wand of enslavement (6)
 O - a wand of random effects (17)
Scrolls
 d - 2 scrolls of enchant armour
 h - 2 scrolls of amnesia
 j - 2 scrolls of remove curse
 k - a scroll of blinking
 m - 5 scrolls of teleportation
 t - 3 scrolls of enchant weapon
 w - 2 scrolls of fear {unknown}
 x - 4 scrolls of magic mapping
 C - 2 scrolls of immolation {unknown}
 D - a scroll of noise {unknown}
 F - 2 scrolls of random uselessness {unknown}
 L - a scroll of brand weapon {unknown}
 Q - a scroll of identify
Potions
 g - 3 potions of brilliance
 i - 5 potions of flight
 v - 4 potions of might
 A - 3 potions of lignification
 H - 2 potions of magic
 M - a potion of haste
 N - a potion of mutation {unknown}
Miscellaneous
 I - a phantom mirror (inert)
 K - a tin of tremorstones (3/3)


   Skills:
 + Level 5.6 Fighting
 + Level 10.9 Dodging
 - Level 4.1 Stealth
 * Level 10.4 Spellcasting
 + Level 12.5 Conjurations
 + Level 4.6 Fire Magic
 + Level 5.4 Poison Magic
 + Level 5.6 Evocations


You had 11 spell levels left.
You knew the following spells:

 Your Spells              Type           Power        Failure   Level
a - Magic Dart            Conj           ####         1%          1
b - Searing Ray           Conj           ######       1%          2
c - Dazzling Flash        Conj/Hex       #####.       1%          3
d - Freeze                Ice            ##..         1%          1
e - Foxfire               Conj/Fire      ####         1%          1
f - Frozen Ramparts       Ice            ##....       1%          3
g - Olgreb's Toxic Radia  Pois           #####...     1%          4
i - Fireball              Conj/Fire      ######....   1%          5

Your spell library contained the following spells:

 Spells                   Type           Power        Failure   Level
 Fulminant Prism          Conj/Hex       #####.....   1%          4
 Iskenderun's Mystic Bla  Conj/Tloc      #####...     1%          4
 Lee's Rapid Deconstruct  Erth           ##........   16%         5


Dungeon Overview and Level Annotations

Branches:
Dungeon (12/15)            Temple (1/1) D:6            Lair (0/6) D:10
    Orc (0/2) D:12          Sewer (visited)

Altars:
Ashenzari
Cheibriados
Dithmenos
Elyvilon
Fedhas
Gozag
Hepliaklqana
Kikubaaqudgha
Makhleb
Nemelex Xobeh
Okawaru
Qazlal
Ru
Sif Muna
Trog
Uskayaw
Vehumet
Xom
Yredelemnul
Zin

Shops:
D:8 [   D:9 *

Annotations:
D:6 3 runed translucent doors, Burgietje's ghost, novice GrFi
D:8 Kraken2834's ghost, novice GrEE


Message History

You hold your ground!
The thrashing horror closely misses you.
You're too confused!
The thrashing horror roars!
The thrashing horror closely misses you. x2
Found 31 gold pieces.
The thrashing horror roars!
You hear a bark!
The thrashing horror tramples you.
You are shoved backwards!
The raiju misses you.
A raiju comes into view.
The thrashing horror closely misses you. x2
The raiju bursts into living lightning!
The living lightning hits you!
* * * LOW HITPOINT WARNING * * *
The raiju blinks!
You are more confused.
You feel more invigorated. The thrashing horror tramples you!
* * * LOW HITPOINT WARNING * * *
You hold your ground!
The thrashing horror tramples you.
You die...

....##'###...## .
............#.#.##
?.............. .#
#...#...##..## . .
####...h##
#.#_.... ## . ##
#....##.#.#
#.##.....>..#
#..@...# .#
##.X.###...#
#...ยง##.# ..#.#
...h.... ..##....
............$#.#.
.....##.....##. #
..... ....## .#
.... .....# .#
.... ......#


You could see a thrashing horror and 2 raiju.

Vanquished Creatures
  Josephine (D:11)
  A two-headed ogre (D:12)
  A cyclops (D:11)
  Maurice (D:12)
  Maggie (D:9)
  A komodo dragon (D:10)
  A demonic crawler (Abyss:2)
  A polar bear (D:12)
  3 trolls
  A meliai zombie (D:11)
  5 slime creatures
  A hippogriff (D:11)
  A vampire (D:11)
  A shadow (D:12)
  6 wraiths
  3 yaks (D:12)
  5 wyverns
  A basilisk (D:11)
  Grum (D:10)
  A warg (D:9)
  An acid dragon (D:12)
  8 orc warriors
  A black bear (D:6)
  A sky beast (D:6)
  A hornet zombie (D:11)
  7 ogres
  4 ice beasts
  An eye of draining (D:10)
  4 phantoms
  3 necrophages
  4 wolves
  7 centaurs
  5 big kobolds
  11 bullfrogs
  A water moccasin skeleton (D:9)
  4 scorpions
  5 wights (D:8)
  18 killer bees
  2 howler monkeys
  2 bullfrog skeletons
  2 centaur zombies
  6 hounds
  A bullfrog zombie (D:12)
  3 jellies
  Crazy Yiuf (D:7)
  8 orc priests
  13 orc wizards
  Jessica (D:3)
  2 iguanas
  Ijyb (D:3)
  7 worker ants
  2 hound skeletons
  A worker ant zombie (D:10)
  A howler monkey skeleton (D:9)
  3 gnolls (D:3)
  3 river rats (Sewer)
  12 adders
  3 shadow imps
  3 white imps
  An ufetubus (D:7)
  2 oozes
  3 adder skeletons
  3 worms
  2 dart slugs (D:3)
  9 leopard geckos
  59 orcs
  10 giant cockroaches
  6 goblins
  5 hobgoblins
  7 jackals
  6 quokkas
  7 ball pythons
  11 bats
  11 frilled lizards
  A jackal skeleton (D:5)
  29 kobolds
  19 rats
391 creatures vanquished.

Vanquished Creatures (collateral kills)
  A slime creature (D:11)
  An ogre (D:9)
2 creatures vanquished.

Vanquished Creatures (others)
  24 foxfires
  5 plants (D:10)
29 creatures vanquished.

Grand Total: 422 creatures vanquished

Notes
Turn   | Place    | Note
-------+----------+-------------------------------------------
     0 | D:1      | Decritt the Deep Elf Conjurer began the quest for the Orb.
     0 | D:1      | Reached XP level 1. HP: 10/10 MP: 6/6
   174 | D:1      | Reached XP level 2. HP: 15/15 MP: 1/8
   257 | D:1      | Reached skill level 5 in Conjurations
   851 | D:2      | Reached XP level 3. HP: 19/19 MP: 6/9
   975 | D:2      | Found an iron altar of Okawaru.
  1109 | D:2      | Reached skill level 6 in Conjurations
  1284 | D:2      | Reached XP level 4. HP: 24/24 MP: 7/10
  1788 | D:3      | Noticed Jessica
  1793 | D:3      | Killed Jessica
  1888 | D:3      | Learned a level 2 spell: Searing Ray
  2087 | D:3      | Found a basalt altar of Yredelemnul.
  2211 | D:3      | Reached skill level 7 in Conjurations
  2211 | D:3      | Reached XP level 5. HP: 28/28 MP: 5/11
  2547 | D:3      | Found a burning altar of Makhleb.
  2757 | D:3      | Noticed Ijyb
  2787 | D:3      | Killed Ijyb
  3320 | D:3      | Found a hide-covered altar of Uskayaw.
  3323 | D:3      | Found a hazy altar of Hepliaklqana.
  3323 | D:3      | Found a shimmering altar of Xom.
  3325 | D:3      | Found a shadowy altar of Dithmenos.
  3325 | D:3      | Found a basalt altar of Yredelemnul.
  3325 | D:3      | Found a snail-covered altar of Cheibriados.
  3417 | D:4      | Reached XP level 6. HP: 32/32 MP: 4/12
  3651 | D:4      | Found a glowing drain.
  3667 | D:4      | Reached skill level 8 in Conjurations
  3729 | Sewer    | Entered a sewer
  4382 | D:4      | Learned a level 3 spell: Dazzling Flash
  4541 | D:4      | Reached XP level 7. HP: 24/37 MP: 3/14
  4875 | D:4      | Reached skill level 1 in Fighting
  4903 | D:4      | Found a blossoming altar of Fedhas.
  5260 | D:4      | Reached skill level 9 in Conjurations
  5989 | D:5      | Entered Level 5 of the Dungeon
  5997 | D:5      | Reached skill level 5 in Dodging
  6396 | D:5      | Reached XP level 8. HP: 11/44 MP: 11/16
  6853 | D:5      | Found a bloodstained altar of Trog.
  7209 | D:6      | Reached skill level 5 in Spellcasting
  7455 | D:6      | Reached skill level 10 in Conjurations
  7554 | D:6      | Got a fading lajatang
  7685 | D:6      | Found a runed translucent gate.
  7685 | D:6      | Found a runed translucent gate.
  7686 | D:6      | Found a runed translucent gate.
  7704 | D:6      | Noticed Burgietje's ghost (novice GrFi)
  7736 | D:6      | Reached XP level 9. HP: 50/50 MP: 9/19
  7956 | D:6      | Found a stormy altar of Qazlal.
  8544 | D:6      | Found a staircase to the Ecumenical Temple.
  8817 | Temple   | Entered the Ecumenical Temple
  8871 | Temple   | Became a worshipper of Vehumet
  9269 | D:7      | Reached skill level 1 in Evocations
  9830 | D:7      | Found a runed translucent door.
  9831 | D:7      | Noticed Crazy Yiuf
  9842 | D:7      | Killed Crazy Yiuf
  9842 | D:7      | Reached * piety under Vehumet
  9842 | D:7      | Offered knowledge of Freeze by Vehumet.
  9945 | D:7      | Learned a level 1 spell: Freeze
 10012 | D:8      | Found a runed translucent gate.
 10012 | D:8      | Found a runed translucent gate.
 10012 | D:8      | Found a runed translucent gate.
 10012 | D:8      | Noticed a kobold demonologist
 10012 | D:8      | Noticed Kraken2834's ghost (novice GrEE)
 10017 | D:8      | Identified the +2 leather armour of Dyspraxia {MR+}
 10076 | D:8      | Reached skill level 11 in Conjurations
 10216 | D:8      | Found a hide-covered altar of Uskayaw.
 10753 | D:8      | Found Vocowki's Armour Shoppe.
 10761 | D:8      | Offered knowledge of Foxfire by Vehumet.
 10765 | D:8      | Learned a level 1 spell: Foxfire
 10858 | D:8      | Reached ** piety under Vehumet
 11201 | D:8      | Offered knowledge of Frozen Ramparts by Vehumet.
 11414 | D:8      | Reached XP level 10. HP: 54/56 MP: 18/22
 11452 | D:8      | Reached skill level 1 in Fire Magic
 12056 | D:9      | Reached *** piety under Vehumet
 12134 | D:9      | Learned a level 3 spell: Frozen Ramparts
 12289 | D:9      | Noticed Maggie
 12299 | D:9      | Killed Maggie
 12673 | D:9      | Found Gisiril's Assorted Antiques.
 12902 | D:10     | Entered Level 10 of the Dungeon
 12910 | D:9      | Offered knowledge of Olgreb's Toxic Radiance by Vehumet.
 12944 | D:9      | Learned a level 4 spell: Olgreb's Toxic Radiance
 13253 | D:10     | Reached **** piety under Vehumet
 13364 | D:10     | Offered knowledge of Lee's Rapid Deconstruction by Vehumet.
 13373 | D:9      | Reached skill level 1 in Poison Magic
 13475 | D:10     | Learned a level 5 spell: Lee's Rapid Deconstruction
 13696 | D:10     | Reached skill level 10 in Dodging
 13852 | D:10     | Noticed Grum
 13859 | D:10     | Reached skill level 12 in Conjurations
 13859 | D:10     | Killed Grum
 14592 | D:10     | Found a staircase to the Lair.
 14877 | D:11     | Reached XP level 11. HP: 61/61 MP: 15/25
 15126 | D:11     | Reached ***** piety under Vehumet
 15265 | D:11     | Offered knowledge of Fireball by Vehumet.
 15672 | D:11     | Learned a level 5 spell: Fireball
 16228 | D:11     | Reached skill level 5 in Fighting
 16585 | D:12     | Noticed Maurice
 16588 | D:12     | Noticed Josephine
 16593 | D:12     | Killed Maurice
 17136 | D:11     | Killed Josephine
 17136 | D:11     | Reached skill level 5 in Evocations
 18340 | D:11     | Reached skill level 5 in Poison Magic
 18908 | D:12     | Noticed a two-headed ogre
 18924 | D:12     | Killed a two-headed ogre
 18924 | D:12     | Reached skill level 10 in Spellcasting
 19121 | D:12     | Found a staircase to the Orcish Mines.
 19291 | D:12     | Noticed an ice dragon
 19728 | D:8      | Cast into level 2 of the Abyss (big kobold)
 19748 | Abyss:2  | Reached XP level 12. HP: 31/68 MP: 19/28
 19794 | Abyss:2  | Found a corrupted altar of Lugonu.
 19807 | Abyss:2  | HP: 2/68 [thrashing horror (15)]
 19807 | Abyss:2  | Slain by a thrashing horror

Illustrated notes

Levels and vault maps discovered:
D:1:      dpeg_arrival_simpleton_c, layout_loops_ring,
          chequers_serial_rivers_micro_e
D:2:      layout_rooms, okawaru_gym_becter
D:3:      layout_loops_corners, doesnt_xom_only_xom, lemuel_round_altar,
          old_standard_altar, kennysheep_generic_room_3, uniq_ijyb, uniq_jessica
D:4:      layout_cave_pods, gup_sewer_entry_glass, minmay_strange_pillars,
          fedhas_altar_2
D:5:      layout_basic, lemuel_doored_altar, minivault_4
D:6:      layout_basic, minmay_temple_entry_mist, gammafunk_ghost_necromancy,
          nicolae_qazlal_style_of_elements
D:7:      layout_rooms, uniq_crazy_yiuf_cottage
D:8:      layout_gridville, eat_drink_and_be_merry_uskayaw, special_room
          [special_room_orc], serial_shops,
          nicolae_shop_temple_entry_statues_fountains,
          gammafunk_ghost_nasty_kobolds, grunt_ministairs_2
D:9:      layout_long_grid, serial_shops, shop, uniq_maggie
D:10:     layout_layer_cave, david_lair_shrubbed, uniq_grum
D:11:     layout_cave_pods, serial_column_ruins, column_ruins_square_medium,
          column_ruins_hut, column_ruins_columns_straight,
          column_ruins_open_tiny, column_ruins_grid_1,
          minmay_misc_feat_secret_circle
D:12:     layout_cross, david_orc_2, portal_ice_cave_entry_animals_and_master,
          uniq_josephine, uniq_maurice
Temple:   nicolae_temple_elliptical
Abyss:2:  base: D:11, hangedman_eye_storm

Skill      XL: |  1  2  3  4  5  6  7  8  9 10 11 |
---------------+----------------------------------+-----
Conjurations   | 5 6 7 8 9 10 11 12 | 12.5
Dodging        | 3 4 5 7 9 10 | 10.9
Fighting       | 1 3 4 5 |  5.6
Spellcasting   | 4 5 7 8 10 | 10.4
Stealth        | 3 4 |  4.1
Evocations     | 1 4 5 |  5.6
Fire Magic     | 2 4 |  4.6
Poison Magic   | 3 5 |  5.4

Action                   |  1- 3 |  4- 6 |  7- 9 | 10-12 || total
-------------------------+-------+-------+-------+-------++-------
Melee: Unarmed           |       |     9 |       |       ||     9
       Quarterstaff      |       |       |     8 |       ||     8
       Staff             |       |       |       |     2 ||     2
Throw: Dart              |       |       |    15 |    10 ||    25
 Cast: Magic Dart        |    62 |   155 |   228 |   132 ||   577
       Searing Ray       |       |     9 |    65 |   144 ||   218
       Dazzling Flash    |       |     3 |       |       ||     3
       Foxfire           |       |       |    15 |       ||    15
       Olgreb's Toxic Ra |       |       |       |    35 ||    35
       Fireball          |       |       |       |    20 ||    20
Evoke: Wand              |       |       |       |     3 ||     3
       Phantom mirror    |       |       |       |     2 ||     2
  Use: Scroll            |       |     8 |     6 |     9 ||    23
       Potion            |       |     3 |     2 |    14 ||    19
 Stab: Confused          |       |       |     1 |       ||     1
Armor: Robe              |       |    13 |    27 |    42 ||    82
       Skin              |       |     2 |       |       ||     2
Dodge: Dodged            |     4 |    42 |   124 |   315 ||   485

Table legend: (Time is in decaauts)
 A = Elapsed time spent in this place.
 B = Non-inter-level travel time spent in this place.
 C = Inter-level travel time spent in this place.
 D = Time resting spent in this place.
 E = Time spent auto-exploring this place.
 F = Levels seen in this place.
 G = Mean time per level.
                   A        B        C        D        E       F      G
               +--------+--------+--------+--------+--------+-----+--------+
         Total |  19856 |  19486 |    370 |   7592 |   7413 |  15 | 1323.7 |
       Dungeon |  19115 |  18768 |    347 |   7510 |   6947 |  12 | 1592.9 |
        Temple |     79 |     57 |     22 |      0 |     23 |   1 |   79.0 |
         Abyss |     78 |     78 |      0 |     51 |      0 |   1 |   78.0 |
         Sewer |    582 |    582 |      0 |     31 |    442 |   1 |  582.0 |
               +--------+--------+--------+--------+--------+-----+--------+

Top non-repeatable levels by time:
    D:11: 3202 daAuts
    D:10: 2442 daAuts
     D:4: 2328 daAuts
     D:6: 1958 daAuts
     D:3: 1715 daAuts
     D:8: 1632 daAuts
     D:9: 1245 daAuts
     D:7: 1164 daAuts
    D:12: 933 daAuts
     D:2: 840 daAuts
     D:1: 833 daAuts
     D:5: 818 daAuts
   Sewer: 582 daAuts
  Temple: 79 daAuts
 Abyss:2: 78 daAuts
